3AAA
ALLOWAY HALBERDS @ AUGUSTA TIMBER HAWKS
09/14/2032
 
TOP OF THE 1ST
Alloway Halberds batting - Pitching for Augusta Timber Hawks : RHP Chris Holland
Pitching: RHP Chris Holland
Batting: RHB José Alcalá 0-0: Called Strike
0-1: Ball
1-1: Ball
2-1: Fly out, F8 (Flyball, 78XD)
Batting: RHB Ethan Stanford 0-0: Ball
1-0: Ball
2-0: Swinging Strike
2-1: Ball
3-1: Base on Balls
Batting: LHB Mike Clifton 0-0: Foul Ball, location: 2F
0-1: Ball
1-1: Ball
2-1: Called Strike
2-2: Ball
3-2: Strikes out looking
Batting: RHB Manny Gonzáles 0-0: Called Strike
0-1: SINGLE (Flyball, 7LS)
Ethan Stanford to second
Batting: RHB Carlos De Jesús 0-0: Ball
1-0: Fly out, F3 (Popup, 3)
Top of the 1st over - 0 runs, 1 hit, 0 errors, 2 left on base; Alloway 0 - Augusta 0
BOTTOM OF THE 1ST
Augusta Timber Hawks batting - Pitching for Alloway Halberds : RHP Antonio Godfrey
Pitching: RHP Antonio Godfrey
Batting: LHB José Pérez 0-0: Ball
1-0: Swinging Strike
1-1: Ground out 6-3 (Groundball, 6)
Batting: RHB David Martínez 0-0: Ball
1-0: Called Strike
1-1: Ball
2-1: Swinging Strike
2-2: Fly out, F3 (Popup, 3S)
Batting: RHB Juan Chávez 0-0: Ball
1-0: Ball
2-0: Called Strike
2-1: Called Strike
2-2: Ball
3-2: Base on Balls
Batting: RHB Norm Chodorow 0-0: Ball
1-0: Ball
2-0: Ball
3-0: SINGLE (Groundball, 56D)
Juan Chávez to second
Batting: LHB Fa-tang Wang 0-0: Ball
1-0: Called Strike
1-1: Fly out, F7 (Flyball, 7LM)
Bottom of the 1st over - 0 runs, 1 hit, 0 errors, 2 left on base; Alloway 0 - Augusta 0
TOP OF THE 2ND
Alloway Halberds batting - Pitching for Augusta Timber Hawks : RHP Chris Holland
Batting: RHB Juan Salinas 0-0: Foul Ball, location: 2F
0-1: Fly out, F9 (Flyball, 89M)
Batting: RHB Luis Jelarde 0-0: Ball
1-0: SOLO HOME RUN (Flyball, 7LD), Distance : 373 ft
Batting: RHB Bass Reeves 0-0: Ball
1-0: Foul Ball, location: 2F
1-1: Called Strike
1-2: Ball
2-2: Ground out 6-3 (Groundball, 6D)
Batting: RHB Christovăo Galho 0-0: Called Strike
0-1: Ball
1-1: Ball
2-1: Foul Ball, location: 2F
2-2: Foul Ball, location: 2F
2-2: Ball
3-2: Foul Ball, location: 2F
3-2: Base on Balls
Batting: RHB José Alcalá 0-0: Called Strike
0-1: Ball
1-1: Ball
2-1: Swinging Strike
2-2: Strikes out swinging
Top of the 2nd over - 1 run, 1 hit, 0 errors, 1 left on base; Alloway 1 - Augusta 0
BOTTOM OF THE 2ND
Augusta Timber Hawks batting - Pitching for Alloway Halberds : RHP Antonio Godfrey
Batting: RHB Dave Yates 0-0: Ball
1-0: Swinging Strike
1-1: Foul Ball, location: 2F
1-2: Fly out, F9 (Line Drive, 9)
Batting: SHB Yun-qi Chien 0-0: Swinging Strike
0-1: Ball
1-1: Called Strike
1-2: Ball
2-2: SINGLE (Groundball, 4) (infield hit)
Batting: RHB Kenny Fleming 0-0: Called Strike
Yun-qi Chien steals 2nd base
0-1: Ball
1-1: Called Strike
1-2: Foul Ball, location: 2F
1-2: Ball
2-2: Fly out, F8 (Flyball, 8RM)
Batting: RHB Jaime Cruz 0-0: Ball
1-0: Ball
2-0: Ground out 6-3 (Groundball, 6)
Bottom of the 2nd over - 0 runs, 1 hit, 0 errors, 1 left on base; Alloway 1 - Augusta 0
TOP OF THE 3RD
Alloway Halberds batting - Pitching for Augusta Timber Hawks : RHP Chris Holland
Batting: RHB Ethan Stanford 0-0: Ball
1-0: Ball
2-0: Ball
3-0: Base on Balls
Batting: LHB Mike Clifton 0-0: Foul Ball, location: 2F
0-1: Foul Ball, location: 2F
0-2: Ball
1-2: Ball
2-2: Strikes out swinging
Batting: RHB Manny Gonzáles 0-0: Ball
1-0: Called Strike
1-1: Swinging Strike
1-2: Ball
2-2: Ball
3-2: Foul Ball, location: 2F
3-2: Foul Ball, location: 2F
3-2: Strikes out swinging
Batting: RHB Carlos De Jesús 0-0: Fly out, F7 (Flyball, 7D)
Top of the 3rd over - 0 runs, 0 hits, 0 errors, 1 left on base; Alloway 1 - Augusta 0
BOTTOM OF THE 3RD
Augusta Timber Hawks batting - Pitching for Alloway Halberds : RHP Antonio Godfrey
Batting: LHB José Pérez 0-0: Called Strike
0-1: Called Strike
0-2: Ball
1-2: Ball
2-2: DOUBLE (Line Drive, 9LM)
Batting: RHB David Martínez 0-0: Called Strike
0-1: Ball
1-1: Ground out 6-3 (Groundball, 6)
José Pérez to third
Batting: RHB Juan Chávez 0-0: Foul Ball, location: 2F
0-1: Foul Ball, location: 2F
0-2: SINGLE (Groundball, 6MD)
José Pérez scores
Batting: RHB Norm Chodorow 0-0: SINGLE (Flyball, 9LS)
Juan Chávez to second
Runner from 2nd tries for 3rd, SAFE, no throw
Batting: LHB Fa-tang Wang 0-0: Ball
1-0: Called Strike
1-1: Ball
2-1: Ball
3-1: Fly out, F8 (Flyball, 8RM)
Runner from 3rd tags up, SCORES, throw made
Batting: RHB Dave Yates 0-0: Called Strike
0-1: Ball
1-1: Swinging Strike
1-2: Fielders Choice at 2nd, 6-4 (Groundball, 56)
Bottom of the 3rd over - 2 runs, 3 hits, 0 errors, 1 left on base; Alloway 1 - Augusta 2
TOP OF THE 4TH
Alloway Halberds batting - Pitching for Augusta Timber Hawks : RHP Chris Holland
Batting: RHB Juan Salinas 0-0: Ball
1-0: Fly out, F8 (Line Drive, 8RXD)
Batting: RHB Luis Jelarde 0-0: Called Strike
0-1: Foul Ball, location: 2F
0-2: Fly out, F7 (Flyball, 7)
Batting: RHB Bass Reeves 0-0: Ball
1-0: Foul Ball, location: 2F
1-1: Ball
2-1: Ball
3-1: Called Strike
3-2: Base on Balls
Batting: RHB Christovăo Galho 0-0: Called Strike
0-1: Ball
1-1: Swinging Strike
1-2: Ball
2-2: Fly out, F8 (Flyball, 8RD)
Top of the 4th over - 0 runs, 0 hits, 0 errors, 1 left on base; Alloway 1 - Augusta 2
BOTTOM OF THE 4TH
Augusta Timber Hawks batting - Pitching for Alloway Halberds : RHP Antonio Godfrey
Batting: SHB Yun-qi Chien 0-0: Ball
1-0: Ball
2-0: Ground out U3 (Groundball, 3L)
Batting: RHB Kenny Fleming 0-0: Ball
1-0: Ball
2-0: Ball
3-0: Base on Balls
Batting: RHB Jaime Cruz 0-0: Swinging Strike
0-1: Called Strike
0-2: Strikes out swinging
Kenny Fleming steals 2nd base
Batter strikes out.
Batting: LHB José Pérez 0-0: Foul Ball, location: 2F
0-1: Ground out U3 (Groundball, 3)
Bottom of the 4th over - 0 runs, 0 hits, 0 errors, 1 left on base; Alloway 1 - Augusta 2
TOP OF THE 5TH
Alloway Halberds batting - Pitching for Augusta Timber Hawks : RHP Chris Holland
Batting: RHB José Alcalá 0-0: Swinging Strike
0-1: Called Strike
0-2: Ball
1-2: Strikes out swinging
Batting: RHB Ethan Stanford 0-0: Ball
1-0: Ball
2-0: Called Strike
2-1: Ball
3-1: Called Strike
3-2: Foul Ball, location: 2F
3-2: SINGLE (Groundball, 6MD)
Batting: LHB Mike Clifton 0-0: Called Strike
0-1: SINGLE (Groundball, 56S) (infield hit)
Ethan Stanford to second
Batting: RHB Manny Gonzáles 0-0: Called Strike
0-1: Called Strike
0-2: Strikes out swinging
Pitching: LHP Drew Cullen
Batting: RHB Carlos De Jesús 0-0: Ball
1-0: Foul Ball, location: 2F
1-1: Ball
2-1: Ball
3-1: Base on Balls
Ethan Stanford to third
Mike Clifton to second
Batting: RHB Juan Salinas 0-0: Ball
1-0: Called Strike
1-1: Foul Ball, location: 2F
1-2: Ball
2-2: Ball
3-2: Strikes out swinging
Top of the 5th over - 0 runs, 2 hits, 0 errors, 3 left on base; Alloway 1 - Augusta 2
BOTTOM OF THE 5TH
Augusta Timber Hawks batting - Pitching for Alloway Halberds : RHP Antonio Godfrey
Batting: RHB David Martínez 0-0: Called Strike
0-1: Foul Ball, location: 2F
0-2: Ball
1-2: Ball
2-2: Foul Ball, location: 2F
2-2: Foul Ball, location: 2F
2-2: DOUBLE (Line Drive, 78D)
Batting: RHB Juan Chávez 0-0: Ball
1-0: Ball
2-0: Ball
3-0: Base on Balls
Batting: RHB Norm Chodorow 0-0: Ball
1-0: Called Strike
1-1: Fly out, F7 (Flyball, 78M)
Batting: LHB Fa-tang Wang 0-0: Ball
1-0: Called Strike
1-1: Foul Ball, location: 2F
1-2: Foul Ball, location: 2F
1-2: Hit by Pitch
David Martínez to third
Juan Chávez to second
Batting: RHB Dave Yates 0-0: Ball
1-0: Called Strike
1-1: Foul Ball, location: 2F
1-2: Fly out, F8 (Flyball, 8LS)
Runner from 3rd tags up, SCORES, no throw
Batting: SHB Yun-qi Chien 0-0: Ball
1-0: Called Strike
1-1: Ball
2-1: Ground out 4-3 (Groundball, 4)
Bottom of the 5th over - 1 run, 1 hit, 0 errors, 2 left on base; Alloway 1 - Augusta 3
TOP OF THE 6TH
Alloway Halberds batting - Pitching for Augusta Timber Hawks : LHP Drew Cullen
Batting: RHB Luis Jelarde 0-0: Called Strike
0-1: Called Strike
0-2: Strikes out swinging
Batting: RHB Bass Reeves 0-0: Swinging Strike
0-1: Ball
1-1: Foul Ball, location: 2F
1-2: Strikes out swinging
Batting: RHB Christovăo Galho 0-0: Ground out 5-3 (Groundball, 56)
Top of the 6th over - 0 runs, 0 hits, 0 errors, 0 left on base; Alloway 1 - Augusta 3
BOTTOM OF THE 6TH
Augusta Timber Hawks batting - Pitching for Alloway Halberds : RHP Antonio Godfrey
Batting: RHB Kenny Fleming 0-0: Ball
1-0: Swinging Strike
1-1: Ball
2-1: Foul Ball, location: 2F
2-2: Ball
3-2: Foul Ball, location: 2F
3-2: Strikes out looking
Pitching: RHP Domingo Álvarez
Batting: RHB Jaime Cruz 0-0: SINGLE (Line Drive, 4D)
Batting: LHB José Pérez 0-0: Called Strike
0-1: Ball
1-1: Foul Ball, location: 2F
1-2: Ball
2-2: Strikes out swinging
Batting: RHB David Martínez 0-0: Called Strike
0-1: Foul Ball, location: 2F
0-2: Ball
1-2: Strikes out looking
Bottom of the 6th over - 0 runs, 1 hit, 0 errors, 1 left on base; Alloway 1 - Augusta 3
TOP OF THE 7TH
Alloway Halberds batting - Pitching for Augusta Timber Hawks : LHP Drew Cullen
Batting: RHB José Alcalá 0-0: Ball
1-0: SINGLE (Groundball, 56D)
Batting: RHB Ethan Stanford 0-0: Swinging Strike
0-1: Ball
1-1: Called Strike
1-2: Ball
2-2: Ball
3-2: Fly out, F9 (Flyball, 9LS)
Batting: LHB Mike Clifton 0-0: Called Strike
0-1: Ball
1-1: Ball
2-1: Called Strike
2-2: Strikes out looking
Batting: RHB Manny Gonzáles 0-0: Ball
1-0: Swinging Strike
1-1: Ball
2-1: Foul Ball, location: 2F
2-2: Ball
3-2: Foul Ball, location: 2F
3-2: Foul Ball, location: 2F
3-2: Strikes out swinging
Top of the 7th over - 0 runs, 1 hit, 0 errors, 1 left on base; Alloway 1 - Augusta 3
BOTTOM OF THE 7TH
Augusta Timber Hawks batting - Pitching for Alloway Halberds : RHP Domingo Álvarez
Batting: RHB Juan Chávez 0-0: Foul Ball, location: 2F
0-1: Swinging Strike
0-2: Foul Ball, location: 2F
0-2: Foul Ball, location: 2F
0-2: Ball
1-2: Fly out, F9 (Flyball, 9D)
Batting: RHB Norm Chodorow 0-0: Called Strike
0-1: SINGLE (Line Drive, 7S)
Batting: LHB Fa-tang Wang 0-0: Ball
1-0: Ball
2-0: Called Strike
2-1: Ball
3-1: Base on Balls
Norm Chodorow to second
Pinch Hitting: LHB Mike Houston 0-0: Fly out, F7 (Flyball, 7)
Batting: SHB Yun-qi Chien 0-0: Ball
1-0: Fielders Choice at 2nd, U6 (Groundball, 6M)
Bottom of the 7th over - 0 runs, 1 hit, 0 errors, 2 left on base; Alloway 1 - Augusta 3
TOP OF THE 8TH
Alloway Halberds batting - Pitching for Augusta Timber Hawks : LHP Drew Cullen
Now at SS: Mike Houston
Batting: RHB Carlos De Jesús 0-0: Ball
1-0: Foul Ball, location: 2F
1-1: Ball
2-1: Foul Ball, location: 2F
2-2: Foul Ball, location: 2F
2-2: Ball
3-2: Fly out, F7 (Line Drive, 7)
Batting: RHB Juan Salinas 0-0: Ground out 4-3 (Groundball, 4M)
Batting: RHB Luis Jelarde 0-0: Ball
1-0: Called Strike
1-1: Ball
2-1: Swinging Strike
2-2: SINGLE (Line Drive, 4D)
Batting: RHB Bass Reeves 0-0: Foul Ball, location: 2F
0-1: Ground out U3 (Groundball, 34S)
Top of the 8th over - 0 runs, 1 hit, 0 errors, 1 left on base; Alloway 1 - Augusta 3
BOTTOM OF THE 8TH
Augusta Timber Hawks batting - Pitching for Alloway Halberds : RHP Domingo Álvarez
Batting: RHB Kenny Fleming 0-0: Fly out, F7 (Flyball, 7)
Batting: RHB Jaime Cruz 0-0: Ball
1-0: Ball
2-0: Fly out, F4 (Flyball, 4D)
Batting: LHB José Pérez 0-0: Ball
1-0: Ball
2-0: Ball
3-0: Called Strike
3-1: Swinging Strike
3-2: SINGLE (Line Drive, 8RS)
Batting: RHB David Martínez 0-0: Reached on error, E6 (Groundball, 6)
José Pérez to second
Batting: RHB Juan Chávez 0-0: Ball
1-0: Ball
2-0: Called Strike
2-1: Ball
3-1: Base on Balls
José Pérez to third
David Martínez to second
Batting: RHB Norm Chodorow 0-0: Called Strike
0-1: Ball
1-1: Foul Ball, location: 2F
1-2: Foul Ball, location: 2F
1-2: Fly out, F6 (Popup, 56D)
Bottom of the 8th over - 0 runs, 1 hit, 1 error, 3 left on base; Alloway 1 - Augusta 3
TOP OF THE 9TH
Alloway Halberds batting - Pitching for Augusta Timber Hawks : LHP Drew Cullen
Pitching: RHP Jong-yun Chong
Batting: RHB Christovăo Galho 0-0: Foul Ball, location: 2F
0-1: Ball
1-1: Fly out, F9 (Flyball, 9LS)
Batting: RHB José Alcalá 0-0: DOUBLE (Flyball, 89XD)
Pinch Runner at 2nd Kelly Harris:
Batting: RHB Ethan Stanford 0-0: Ball
1-0: Called Strike
1-1: Foul Ball, location: 2F
1-2: Ball
2-2: Foul Ball, location: 2F
2-2: Fly out, F9 (Flyball, 89D)
Runner from 2nd tags up, SAFE at 3rd, no throw
Batting: LHB Mike Clifton 0-0: Ball
1-0: SINGLE (Line Drive, 7S)
Kelly Harris scores
Batting: RHB Manny Gonzáles 0-0: Foul Ball, location: 2F
0-1: Ball
1-1: Swinging Strike
1-2: Ball
2-2: Fielders Choice at 2nd, 5-4 (Groundball, 5)
Top of the 9th over - 1 run, 2 hits, 0 errors, 1 left on base; Alloway 2 - Augusta 3
Wednesday, September 19th, 2018 - OOTP Baseball 18.8 Build 76